TOP OF THE 1ST |
Jasper Cougars batting - Pitching for Salem Sledgehammers : LHP Carlos Castillo
|
Pitching: LHP Carlos Castillo
|
|
Batting: RHB Juan Vázquez
|
0-0: Called Strike 0-1: Ball 1-1: Called Strike 1-2: Strikes out swinging
|
Batting: LHB Jon Scott
|
0-0: Ball 1-0: Swinging Strike 1-1: Swinging Strike 1-2: Ball 2-2: Ball 3-2: Foul Ball, location: 2F 3-2: Fly out, F7 (Flyball, 7S)
|
Batting: RHB Manuel Pérez
|
0-0: Ball 1-0: Fly out, F8 (Flyball, 8LM)
|
Top of the 1st over - 0 run(s), 0 hit(s), 0 error(s), 0 left on base; Jasper 0 - Salem 0 |
BOTTOM OF THE 1ST |
Salem Sledgehammers batting - Pitching for Jasper Cougars : RHP Tsugahara Suzuki
|
Pitching: RHP Tsugahara Suzuki
|
|
Batting: SHB Júlio Salazar
|
0-0: Ball 1-0: Foul Ball, location: 2F 1-1: Called Strike 1-2: Strikes out looking
|
Batting: LHB José Rivera
|
0-0: Ball 1-0: Swinging Strike 1-1: DOUBLE (Line Drive, 89D)
|
Batting: LHB Nathan Frey
|
0-0: Swinging Strike 0-1: Foul Ball, location: 2F 0-2: Hit by Pitch
|
Batting: RHB Valentino Agnelli
|
0-0: Called Strike 0-1: Called Strike 0-2: Strikes out swinging
|
Batting: LHB Brent Alonzo
|
0-0: DOUBLE (Line Drive, 8LM) José Rivera scores Nathan Frey to third Runner from 3rd tries for Home, SAFE, no throw or cutoff
|
Batting: SHB Luis Alonso
|
0-0: Called Strike 0-1: DOUBLE (Flyball, 89M) Brent Alonzo scores
|
Batting: RHB Dale Reeves
|
0-0: Swinging Strike 0-1: Foul Ball, location: 2F 0-2: Ball 1-2: Foul Ball, location: 2F 1-2: Ball 2-2: Foul Ball, location: 2F 2-2: Strikes out swinging
|
Bottom of the 1st over - 3 run(s), 3 hit(s), 0 error(s), 1 left on base; Jasper 0 - Salem 3 |
TOP OF THE 2ND |
Jasper Cougars batting - Pitching for Salem Sledgehammers : LHP Carlos Castillo
|
Batting: SHB Ron Edwards
|
0-0: Foul Ball, location: 2F 0-1: Ball 1-1: Foul Ball, location: 2F 1-2: Strikes out looking
|
Batting: RHB Dan Hooper
|
0-0: Fly out, F7 (Flyball, 7LM)
|
Batting: RHB Fernando Gálvez
|
0-0: Ball 1-0: Called Strike 1-1: Ball 2-1: Foul Ball, location: 2F 2-2: Ball 3-2: Base on Balls
|
Batting: LHB Pepe Vázquez
|
0-0: Swinging Strike 0-1: Swinging Strike 0-2: Strikes out looking
|
Top of the 2nd over - 0 run(s), 0 hit(s), 0 error(s), 1 left on base; Jasper 0 - Salem 3 |
BOTTOM OF THE 2ND |
Salem Sledgehammers batting - Pitching for Jasper Cougars : RHP Tsugahara Suzuki
|
Batting: SHB Ramón Águila
|
0-0: Ball 1-0: Foul Ball, location: 2F 1-1: Called Strike 1-2: Foul Ball, location: 2F 1-2: Hit by Pitch
|
Batting: RHB Brad French
|
0-0: Called Strike 0-1: Foul Ball, location: 2F 0-2: Strikes out swinging
|
Batting: SHB Júlio Salazar
|
0-0: Ball 1-0: Called Strike 1-1: Ball 2-1: Swinging Strike 2-2: Strikes out looking
|
Batting: LHB José Rivera
|
0-0: Called Strike 0-1: Fly out, F4 (Line Drive, 4)
|
Bottom of the 2nd over - 0 run(s), 0 hit(s), 0 error(s), 1 left on base; Jasper 0 - Salem 3 |
TOP OF THE 3RD |
Jasper Cougars batting - Pitching for Salem Sledgehammers : LHP Carlos Castillo
|
Batting: RHB Juan Carlos
|
0-0: Foul Ball, location: 2F 0-1: Fly out, F9 (Flyball, 9M)
|
Batting: SHB Martín Cruz
|
0-0: Called Strike 0-1: Ball 1-1: Foul Ball, location: 2F 1-2: Ball 2-2: Ground out 5-3 (Groundball, 5S)
|
Batting: RHB Juan Vázquez
|
0-0: Hit by Pitch
|
Batting: LHB Jon Scott
|
0-0: Called Strike 0-1: Ball 1-1: Ball 2-1: Ball 3-1: Ground out 4-3 (Groundball, 34)
|
Top of the 3rd over - 0 run(s), 0 hit(s), 0 error(s), 1 left on base; Jasper 0 - Salem 3 |
BOTTOM OF THE 3RD |
Salem Sledgehammers batting - Pitching for Jasper Cougars : RHP Tsugahara Suzuki
|
Batting: LHB Nathan Frey
|
0-0: Swinging Strike 0-1: Foul Ball, location: 2F 0-2: Strikes out swinging
|
Batting: RHB Valentino Agnelli
|
0-0: Fly out, F8 (Flyball, 8RM)
|
Batting: LHB Brent Alonzo
|
0-0: Called Strike 0-1: Ground out 5-3 (Groundball, 5S)
|
Bottom of the 3rd over - 0 run(s), 0 hit(s), 0 error(s), 0 left on base; Jasper 0 - Salem 3 |
TOP OF THE 4TH |
Jasper Cougars batting - Pitching for Salem Sledgehammers : LHP Carlos Castillo
|
Batting: RHB Manuel Pérez
|
0-0: Foul Ball, location: 2F 0-1: Swinging Strike 0-2: Foul Ball, location: 2F 0-2: Ball 1-2: Ball 2-2: Ball 3-2: Foul Ball, location: 2F 3-2: DOUBLE (Line Drive, 7LM)
|
Batting: SHB Ron Edwards
|
0-0: Ball 1-0: Called Strike 1-1: Foul Ball, location: 2F 1-2: Ball 2-2: Foul Ball, location: 2F 2-2: Ball 3-2: SINGLE (Groundball, 34S) Manuel Pérez to third Runner from 3rd tries for Home, SAFE, no throw or cutoff
|
Batting: RHB Dan Hooper
|
0-0: Ball 1-0: Ball 2-0: Swinging Strike 2-1: Swinging Strike 2-2: Foul Ball, location: 2F 2-2: Foul Ball, location: 2F 2-2: Fielders Choice at 2nd, 1-6 (Groundball, 23)
|
Batting: RHB Fernando Gálvez
|
0-0: Ball 1-0: Ball 2-0: Grounds into double play, 4-6-3 (Groundball, 4)
|
Top of the 4th over - 1 run(s), 2 hit(s), 0 error(s), 0 left on base; Jasper 1 - Salem 3 |
BOTTOM OF THE 4TH |
Salem Sledgehammers batting - Pitching for Jasper Cougars : RHP Tsugahara Suzuki
|
Batting: SHB Luis Alonso
|
0-0: Called Strike 0-1: Foul Ball, location: 2F 0-2: Ball 1-2: Strikes out swinging
|
Batting: RHB Dale Reeves
|
0-0: Foul Ball, location: 2F 0-1: Ball 1-1: Ball 2-1: Foul Ball, location: 2F 2-2: Strikes out looking
|
Batting: SHB Ramón Águila
|
0-0: Called Strike 0-1: Ball 1-1: Ball 2-1: SINGLE (Groundball, 34)
|
Batting: RHB Brad French
|
0-0: Ball 1-0: Foul Ball, location: 2F 1-1: Ball Wild Pitch! Ramón Águila to second 2-1: Swinging Strike 2-2: Foul Ball, location: 2F 2-2: Ball 3-2: Strikes out swinging
|
Bottom of the 4th over - 0 run(s), 1 hit(s), 0 error(s), 1 left on base; Jasper 1 - Salem 3 |
TOP OF THE 5TH |
Jasper Cougars batting - Pitching for Salem Sledgehammers : LHP Carlos Castillo
|
Batting: LHB Pepe Vázquez
|
0-0: Swinging Strike 0-1: Called Strike 0-2: Strikes out swinging
|
Batting: RHB Juan Carlos
|
0-0: Ground out 6-3 (Groundball, 6M)
|
Batting: SHB Martín Cruz
|
0-0: Called Strike 0-1: Ball 1-1: Ball 2-1: Swinging Strike 2-2: Strikes out swinging
|
Top of the 5th over - 0 run(s), 0 hit(s), 0 error(s), 0 left on base; Jasper 1 - Salem 3 |
BOTTOM OF THE 5TH |
Salem Sledgehammers batting - Pitching for Jasper Cougars : RHP Tsugahara Suzuki
|
Batting: SHB Júlio Salazar
|
0-0: Swinging Strike 0-1: Swinging Strike 0-2: Ball 1-2: Strikes out swinging
|
Batting: LHB José Rivera
|
0-0: Ground out 4-3 (Groundball, 4M)
|
Batting: LHB Nathan Frey
|
0-0: Called Strike 0-1: Ball 1-1: Foul Ball, location: 2F 1-2: Ground out 6-3 (Groundball, 6)
|
Bottom of the 5th over - 0 run(s), 0 hit(s), 0 error(s), 0 left on base; Jasper 1 - Salem 3 |
TOP OF THE 6TH |
Jasper Cougars batting - Pitching for Salem Sledgehammers : LHP Carlos Castillo
|
Batting: RHB Juan Vázquez
|
0-0: Swinging Strike 0-1: Foul Ball, location: 2F 0-2: Strikes out looking
|
Batting: LHB Jon Scott
|
0-0: TRIPLE (Flyball, 8LM)
|
Batting: RHB Manuel Pérez
|
0-0: Ball 1-0: Ball 2-0: Ball 3-0: Called Strike 3-1: Fly out, F5 (Line Drive, 56S)
|
Batting: SHB Ron Edwards
|
0-0: Called Strike 0-1: Called Strike 0-2: Ball 1-2: Strikes out looking
|
Top of the 6th over - 0 run(s), 1 hit(s), 0 error(s), 1 left on base; Jasper 1 - Salem 3 |
BOTTOM OF THE 6TH |
Salem Sledgehammers batting - Pitching for Jasper Cougars : RHP Tsugahara Suzuki
|
Batting: RHB Valentino Agnelli
|
0-0: Called Strike 0-1: Foul Ball, location: 2F 0-2: Ball 1-2: Ball 2-2: Strikes out looking
|
Batting: LHB Brent Alonzo
|
0-0: Called Strike 0-1: Swinging Strike 0-2: Foul Ball, location: 2F 0-2: SINGLE (Groundball, 34D)
|
Batting: SHB Luis Alonso
|
0-0: Grounds out, U3 (Groundball, 3L)
|
Batting: RHB Dale Reeves
|
0-0: Foul Ball, location: 2F 0-1: Ball 1-1: Called Strike 1-2: Strikes out swinging
|
Bottom of the 6th over - 0 run(s), 1 hit(s), 0 error(s), 1 left on base; Jasper 1 - Salem 3 |
TOP OF THE 7TH |
Jasper Cougars batting - Pitching for Salem Sledgehammers : LHP Carlos Castillo
|
Pitching: LHP Nick Johnson
|
|
Batting: RHB Dan Hooper
|
0-0: Called Strike 0-1: Called Strike 0-2: Ground out 5-3 (Groundball, 5S)
|
Batting: RHB Fernando Gálvez
|
0-0: Foul Ball, location: 2F 0-1: Ball 1-1: Ground out 1-3 (Groundball, 13)
|
Batting: LHB Pepe Vázquez
|
0-0: Called Strike 0-1: Fly out, F8 (Flyball, 8LM)
|
Top of the 7th over - 0 run(s), 0 hit(s), 0 error(s), 0 left on base; Jasper 1 - Salem 3 |
BOTTOM OF THE 7TH |
Salem Sledgehammers batting - Pitching for Jasper Cougars : RHP Tsugahara Suzuki
|
Pitching: LHP Javier Galeas
|
|
Batting: SHB Ramón Águila
|
0-0: Called Strike 0-1: Ball 1-1: Ball 2-1: Foul Ball, location: 2F 2-2: Strikes out swinging
|
Batting: RHB Brad French
|
0-0: Called Strike 0-1: Ball 1-1: Ball 2-1: Swinging Strike 2-2: Foul Ball, location: 2F 2-2: Foul Ball, location: 2F 2-2: Strikes out swinging
|
Batting: SHB Júlio Salazar
|
0-0: Ball 1-0: Foul Ball, location: 2F 1-1: Ball 2-1: Foul Ball, location: 2F 2-2: Ball 3-2: Foul Ball, location: 2F 3-2: Foul Ball, location: 2F 3-2: Strikes out swinging
|
Bottom of the 7th over - 0 run(s), 0 hit(s), 0 error(s), 0 left on base; Jasper 1 - Salem 3 |
TOP OF THE 8TH |
Jasper Cougars batting - Pitching for Salem Sledgehammers : LHP Nick Johnson
|
Batting: RHB Juan Carlos
|
0-0: Foul Ball, location: 2F 0-1: SINGLE (Line Drive, 4MD)
|
Pitching: RHP Vaughan Gillespie
|
|
Batting: SHB Martín Cruz
|
0-0: Called Strike 0-1: Called Strike 0-2: Ball 1-2: Foul Ball, location: 2F 1-2: Fielders Choice at 2nd, 6-4 (Groundball, 6)
|
Batting: RHB Juan Vázquez
|
0-0: Ball 1-0: Ball 2-0: Called Strike 2-1: Swinging Strike 2-2: Strikes out swinging
|
Pitching: LHP Allen Purss
|
|
Batting: LHB Jon Scott
|
0-0: Called Strike 0-1: Swinging Strike 0-2: Ball 1-2: Foul Ball, location: 2F 1-2: Foul Ball, location: 2F 1-2: Ball 2-2: Strikes out swinging
|
Top of the 8th over - 0 run(s), 1 hit(s), 0 error(s), 1 left on base; Jasper 1 - Salem 3 |
BOTTOM OF THE 8TH |
Salem Sledgehammers batting - Pitching for Jasper Cougars : LHP Javier Galeas
|
Batting: LHB José Rivera
|
0-0: Ball 1-0: Ball 2-0: Ball 3-0: Ground out 2-3 (Groundball, 2L)
|
Batting: LHB Nathan Frey
|
0-0: Ball 1-0: Foul Ball, location: 2F 1-1: Fly out, F7 (Flyball, 78S)
|
Batting: RHB Valentino Agnelli
|
0-0: Ball 1-0: Ball 2-0: Ball 3-0: Base on Balls
|
Batting: LHB Brent Alonzo
|
0-0: Ball 1-0: Ball 2-0: Ball 3-0: Base on Balls Valentino Agnelli to second
|
Batting: SHB Luis Alonso
|
0-0: Ground out 5-3 (Groundball, 5L)
|
Bottom of the 8th over - 0 run(s), 0 hit(s), 0 error(s), 2 left on base; Jasper 1 - Salem 3 |
TOP OF THE 9TH |
Jasper Cougars batting - Pitching for Salem Sledgehammers : LHP Allen Purss
|
Pitching: LHP Don Sutherland
|
|
Batting: RHB Manuel Pérez
|
0-0: Ball 1-0: Swinging Strike 1-1: Foul Ball, location: 2F 1-2: Hit by Pitch
|
Batting: SHB Ron Edwards
|
0-0: Ball 1-0: Ball 2-0: Ball 3-0: Called Strike 3-1: Swinging Strike 3-2: Foul Ball, location: 2F 3-2: Foul Ball, location: 2F 3-2: Strikes out swinging
|
Pinch Hitting: LHB Juan Cabańas
|
0-0: Ball 1-0: Ball 2-0: Foul Ball, location: 2F 2-1: Ball 3-1: Grounds into double play, 4-6-3 (Groundball, 4)
|
Top of the 9th over - 0 run(s), 0 hit(s), 0 error(s), 0 left on base; Jasper 1 - Salem 3 |
|